 Dungeon Crawl Stone Soup version 0.28.0-53-g5a82cb258f (webtiles) character file.

Game seed: 14875342189150904282

11 Legadrian the Skirmisher (level 2, -1/25 HPs)
             Began as a Human Fighter on July 2, 2022.
             Slain by a jackal (2 damage)
             ... on level 1 of the Dungeon.
             The game lasted 00:00:42 (230 turns).

Legadrian the Skirmisher (Human Fighter)             Turns: 230, Time: 00:00:43

Health: -1/25      AC:  6    Str: 16    XL:     2   Next: 40%
Magic:  2/2        EV:  8    Int:  8    God:
Gold:   5          SH:  4    Dex: 12    Spells: 1/1 levels left

rFire   . . .      SeeInvis .   a - +0 flail
rCold   . . .      Faith    .   c - +0 buckler
rNeg    . . .      Spirit   .   b - +0 scale mail
rPois   .          Reflect  .   (no helmet)
rElec   .          Harm     .   (no cloak)
rCorr   .          Rampage  .   (no gloves)
Will    .....                   (no boots)
Stlth   ..........              (no amulet)
HPRegen 0.08/turn               (no ring)
MPRegen 0.08/turn               (no ring)

@: no status effects
A: no striking features
a: no special abilities


You were on level 1 of the Dungeon.
You visited 1 branch of the dungeon, and saw 1 of its levels.

You collected 5 gold pieces.

Inventory:

Hand Weapons
 a - a +0 flail (weapon)
Armour
 b - a +0 scale mail (worn)
 c - a +0 buckler (worn)
 h - a +0 helmet
Scrolls
 e - a scroll of fear {unknown}
 f - a scroll of immolation {unknown}
 g - a scroll of summoning {unknown}
Potions
 d - a potion of might


   Skills:
 + Level 3.7 Fighting
 - Level 2.0 Maces & Flails
 - Level 3.0 Armour
 - Level 3.0 Shields


You had one spell level left.
You didn't know any spells.
Your spell library was empty.

Dungeon Overview and Level Annotations

Branches:
Dungeon (1/15)

Altars:


Message History

The jackal bites you but does no damage.
You block the gnoll's attack. The jackal barely misses you.
You barely miss the jackal.
The jackal is severely wounded.
The jackal bites you. The gnoll closely misses you.
The gnoll hits you from afar with a +0 spear.
You miss the jackal. The jackal bites you. The gnoll completely misses you.
You block the jackal's attack.
You hit the jackal.
You kill the jackal!
The gnoll barely misses you. You block the jackal's attack.
You barely miss the jackal.
The jackal is severely wounded.
The gnoll barely misses you. The jackal barely misses you.
The gnoll hits you from afar with a +0 spear!
The jackal bites you but does no damage.
The jackal barely misses you.
The jackal bites you but does no damage.
The jackal bites you but does no damage.
The jackal bites you but does no damage.
A quokka comes into view.
The jackal bites you but does no damage.
The jackal bites you but does no damage.
You block the jackal's attack.
You hit the jackal but do no damage.
The jackal is severely wounded.
The jackal closely misses you. The jackal barely misses you.
The jackal bites you. The jackal completely misses you.
The quokka bites you but does no damage.
The jackal barely misses you.
The jackal bites you but does no damage.
You barely miss the jackal. You block the jackal's attack. x2
You barely miss the jackal. The jackal bites you. You block the gnoll's attack.
The jackal bites you but does no damage.
You barely miss the jackal.
The jackal bites you but does no damage.
The gnoll hits you from afar with a +0 spear!
* * * LOW HITPOINT WARNING * * *
The jackal bites you.
You die...

###.##..# ##.####...#
#.##..# ##...####..#
#######.##..## #.....#
#..# .............#
#.....# #..#
#######.##...###.#)#.#
#..#
#.##...........###..#
#.###...............#
#.###.####g#.............
#....#..@hh#.#####.###.##
#####.######......... #
#.†............###
################


You could see a gnoll and 2 jackals.

Vanquished Creatures
  A giant cockroach (D:1)
  2 goblins (D:1)
  A hobgoblin (D:1)
  2 jackals (D:1)
  A quokka (D:1)
  A ball python (D:1)
  2 rats (D:1)
10 creatures vanquished.

Notes
Turn   | Place    | Note
-------+----------+-------------------------------------------
     0 | D:1      | Legadrian the Human Fighter began the quest for the Orb.
     0 | D:1      | Reached XP level 1. HP: 18/18 MP: 1/1
   176 | D:1      | Reached XP level 2. HP: 24/24 MP: 2/2
   230 | D:1      | HP: 1/25 [gnoll/+0 spear (8)]
   230 | D:1      | Slain by a jackal

Illustrated notes

Levels and vault maps discovered:
D:1:      psy_arrival_radial01, layout_loops_ring

Action                   || total
-------------------------++-------
Melee: Flail             ||    30
Armor: Scale mail        ||    20
Dodge: Dodged            ||    18
Block: Buckler           ||    11
